 Dungeon Crawl Stone Soup version 0.26-a0-538-ge4b5d95 (webtiles) character file.

Game seed: 15154013410117317629

4459 MrTaco21 the Basher (level 10, -8/70 HPs)
             Began as a Demonspawn Fighter on Aug 14, 2020.
             Was a Priest of Okawaru.
             Mangled by Snorg (18 damage)
             ... on level 11 of the Dungeon.
             The game lasted 00:17:04 (10157 turns).

MrTaco21 the Basher (Demonspawn Fighter)           Turns: 10157, Time: 00:17:04

Health: -8/70      AC: 10    Str: 19    XL:     10   Next: 15%
Magic:  10/10      EV:  6    Int: 10    God:    Okawaru [***...]
Gold:   282        SH: 15    Dex: 13    Spells: 9/9 levels left

rFire    . . .     SeeInvis .   J - +1 whip (elec)
rCold    + . .     Faith    .   a - +0 tower shield
rNeg     . . .     Spirit   .   H - +1 ring mail {rC+}
rPois    +         Reflect  .   (no helmet)
rElec    .         Harm     .   (no cloak)
rCorr    +                      E - +0 pair of gloves
MR       .....                  K - +0 pair of boots
Stlth    +.........             (no amulet)
HPRegen  0.21/turn              C - ring of poison resistance
MPRegen  0.12/turn              n - ring of resist corrosion

@: no status effects
A: claws 1, molten scales 1, powered by death 2, powered by pain 2
a: Heroism, Renounce Religion


You were on level 11 of the Dungeon.
You worshipped Okawaru.
Okawaru was most pleased with you.
You visited 2 branches of the dungeon, and saw 11 of its levels.

You collected 565 gold pieces.
You spent 283 gold pieces at shops.

Inventory:

Hand Weapons
 J - a +1 whip of electrocution (weapon)
   (You took it off a gnoll on level 7 of the Dungeon)
Missiles
 D - 2 throwing nets (quivered) {!f}
Armour
 a - a +0 tower shield (worn)
   (You found it on level 2 of the Dungeon)
 x - a +0 plate armour
   (You found it on level 5 of the Dungeon)
 E - a +0 pair of gloves (worn)
   (You found it on level 6 of the Dungeon)
 H - a +1 ring mail of cold resistance (worn)
   (You took it off Duvessa on level 6 of the Dungeon)
 K - a +0 pair of boots (worn)
   (You found it on level 8 of the Dungeon)
Jewellery
 n - a ring of resist corrosion (right hand)
   (You found it on level 2 of the Dungeon)
 C - a ring of poison resistance (left hand)
   (You found it on level 6 of the Dungeon)
Wands
 d - a wand of iceblast (5)
   (You found it on level 11 of the Dungeon)
 f - a wand of enslavement (9)
   (You took it off an orc on level 8 of the Dungeon)
 t - a wand of flame (11)
   (You found it on level 4 of the Dungeon)
 u - a wand of paralysis (26)
   (You took it off Ijyb on level 2 of the Dungeon)
 v - a wand of digging (5)
   (You found it on level 6 of the Dungeon)
Scrolls
 b - a scroll of summoning {unknown}
 e - 2 scrolls of blinking {unknown}
 g - a scroll of immolation {unknown}
 i - 2 scrolls of teleportation {unknown}
 j - 6 scrolls of enchant weapon
 k - 4 scrolls of fear
 l - 6 scrolls of remove curse {@r2}
 m - 2 scrolls of enchant armour {unknown}
 o - 2 scrolls of random uselessness {unknown}
 r - 2 scrolls of noise {unknown}
 s - 2 scrolls of magic mapping {unknown}
 y - 3 scrolls of amnesia
 A - 2 scrolls of brand weapon {unknown}
 B - a scroll of vulnerability {unknown}
 I - a scroll of identify {@r1}
Potions
 c - 2 potions of heal wounds {unknown}
 h - 10 potions of curing {@q1}
 p - a potion of mutation {unknown}
 q - a potion of lignification {unknown}
 w - 3 potions of magic {unknown}
 z - 2 potions of brilliance {unknown}
 F - a potion of resistance {unknown}
 G - 3 potions of degeneration {unknown}
 L - a potion of might


   Skills:
 - Level 3.0 Fighting
 - Level 12.0 Maces & Flails
 - Level 2.6 Armour
 + Level 6.8 Shields


You had 9 spell levels left.
You didn't know any spells.
Your spell library contained the following spells:

 Spells                   Type           Power        Failure   Level
 Sandblast                Erth           #.....       100%        1
 Passwall                 Tmut/Erth      #.......     100%        2
 Stone Arrow              Conj/Erth      #.....       100%        3
 Petrify                  Tmut/Erth      #.......     100%        4
 Lee's Rapid Deconstruct  Erth           #.........   100%        5


Dungeon Overview and Level Annotations

Branches:
Dungeon (9/15)             Temple (1/1) D:7
   Lair: D:8-11         Orc: D:9-12

Altars:
Ashenzari
Cheibriados
Dithmenos
Elyvilon
Fedhas
Gozag
Hepliaklqana
Kikubaaqudgha
Makhleb
Nemelex Xobeh
Okawaru
Qazlal
Ru
Sif Muna
Trog
Uskayaw
Vehumet
Wu Jian
Xom
Yredelemnul
Zin
The Shining One

Shops:
D:6 *

Annotations:
D:11 Snorg


Innate Abilities, Weirdness & Mutations

You have sharp fingernails.
You are partially covered in molten scales. (AC +2)
You regenerate health from kills.
You sometimes gain power by taking damage.


Message History

A hound comes into view.
A bullfrog comes into view.
You block the hound's attack. The hound bites you but does no damage.
You completely miss the hound. You block the hound's attack.
You whack the hound! Lightning courses through the hound!
You kill the hound!
Okawaru accepts your kill.
Your shield and ring mail prevent you from hitting the bullfrog.
You hit the bullfrog. You block the bullfrog's attack.
You closely miss the bullfrog.
The bullfrog hits you but does no damage.
You closely miss the bullfrog. You block the bullfrog's attack.
You closely miss the bullfrog. You block the bullfrog's attack.
You hit the bullfrog. Lightning courses through the bullfrog!
You block the bullfrog's attack.
You hit the bullfrog. The bullfrog hits you.
You miss the bullfrog. The bullfrog hits you.
You whack the bullfrog!
You kill the bullfrog!
Okawaru accepts your kill.
You see here a hound corpse.
Found a potion of curing.
A kobold and Snorg come into view.
A kobold comes into view. It is wielding a +0 dagger.
A kobold comes into view. It is wielding a +0 short sword.
A hound zombie comes into view.
A big kobold comes into view. It is wielding a +3 dagger.
Snorg bites you! Snorg claws you! Snorg claws you but does no damage.
The sentinel's mark upon you fades away.
You hit the hound zombie.
Lightning courses through the hound zombie!!
You block the hound zombie's attack.
The hound zombie bites you but does no damage.
You block the hound zombie's attack.
Snorg goes berserk!
The hound zombie completely misses you. Snorg bites you!
You block Snorg's attack. x2
You hear a shout!
Snorg closely misses you. Snorg claws you but does no damage.
You block Snorg's attack.
Found a stone staircase leading up.
You hear a shout!
You block Snorg's attack. Snorg claws you.
* * * LOW HITPOINT WARNING * * *
Snorg claws you!
* * * LOW HITPOINT WARNING * * *
Snorg bites you but does no damage. You block Snorg's attack. x2
You block Snorg's attack. Snorg claws you!
* * * LOW HITPOINT WARNING * * *
Snorg claws you!!
You die...

######## ###..... ........
....... .# ........ ...... ..#
.# #...# #.# .# #...# #.# รท#
#...############.#
.##############......KKZ.......#
................@T..K..........#
.......# #########.............#
.......# #..#########..#
.......# #..# #..# .......# #..#
#..# .......# #..# #.K# .......#
#..# #######..# .......#########
#... K.K.!..K.# [.....>.........
...K.....#


You could see Snorg (berserk), a hound zombie and 3 kobolds.

Vanquished Creatures
  A gargoyle (D:11)
  3 hippogriffs
  6 yaks (D:11)
  Duvessa (D:6)
  2 orc warriors
  2 sky beasts
  An ice beast (D:5)
  An ogre (D:4)
  3 centaurs
  A crocodile (D:8)
  5 bullfrogs
  A gnoll sergeant (D:8)
  A scorpion (D:4)
  Dowan (D:6)
  6 wights
  2 howler monkeys
  5 hounds
  A jelly (D:8)
  A bullfrog skeleton (D:8)
  6 orc wizards
  2 centaur skeletons
  An iguana (D:7)
  Ijyb (D:2)
  4 worker ants
  A hound zombie (D:6)
  A hound skeleton (D:7)
  3 worker ant zombies
  9 adders
  14 gnolls
  An ufetubus (D:5)
  An ooze (D:5)
  An adder skeleton (D:5)
  2 worms
  A dart slug (D:2)
  5 leopard geckos
  22 orcs
  5 bats
  4 giant cockroaches
  11 goblins
  7 hobgoblins
  17 jackals
  3 kobolds
  2 quokkas
  6 frilled lizards
  A jackal skeleton (D:5)
  A leopard gecko skeleton (D:8)
  A leopard gecko zombie (D:5)
  A quokka zombie (D:5)
  7 rats
185 creatures vanquished.

Notes
Turn   | Place    | Note
-------+----------+-------------------------------------------
     0 | D:1      | MrTaco21 the Demonspawn Fighter began the quest for the
                  | Orb.
     0 | D:1      | Reached XP level 1. HP: 18/18 MP: 1/1
    33 | D:1      | Reached skill level 2 in Maces & Flails
   312 | D:1      | Gained mutation: You sometimes gain a little power by
                  | taking damage. [demonic ancestry]
   312 | D:1      | Reached XP level 2. HP: 5/24 MP: 2/2
   938 | D:2      | Reached skill level 3 in Maces & Flails
  1037 | D:2      | Gained mutation: You have sharp fingernails. [demonic
                  | ancestry]
  1037 | D:2      | Reached XP level 3. HP: 26/29 MP: 3/3
  1608 | D:1      | Reached skill level 4 in Maces & Flails
  1608 | D:1      | Reached XP level 4. HP: 25/35 MP: 4/4
  1798 | D:2      | Found a sparkling altar of Nemelex Xobeh.
  1822 | D:2      | Noticed Ijyb
  1840 | D:2      | Killed Ijyb
  2138 | D:3      | Found an ornate altar of the Wu Jian Council.
  2171 | D:3      | Reached XP level 5. HP: 41/41 MP: 5/5
  2514 | D:3      | Reached skill level 5 in Maces & Flails
  2884 | D:4      | Noticed an ogre
  2891 | D:4      | Killed an ogre
  2891 | D:4      | Gained mutation: You sometimes gain power by taking damage.
                  | [demonic ancestry]
  2891 | D:4      | Reached XP level 6. HP: 26/47 MP: 6/6
  3128 | D:4      | Reached skill level 6 in Maces & Flails
  3916 | D:5      | Entered Level 5 of the Dungeon
  3916 | D:5      | Noticed an ice beast
  4059 | D:5      | Reached skill level 7 in Maces & Flails
  4113 | D:5      | Killed an ice beast
  4113 | D:5      | Gained mutation: You regenerate a little health from kills.
                  | [demonic ancestry]
  4113 | D:5      | Reached XP level 7. HP: 33/52 MP: 7/7
  4575 | D:5      | Got a translucent short sword
  4866 | D:6      | Got a warped leather armour
  4872 | D:6      | Identified the +1 leather armour of Foolhardiness {MR+
                  | Str+3 Slay+3 Stlth-} (You found it on level 6 of the
                  | Dungeon)
  4945 | D:6      | Found a shimmering altar of Xom.
  4947 | D:6      | Found an ancient bone altar of Kikubaaqudgha.
  4947 | D:6      | Found an iron altar of Okawaru.
  4958 | D:6      | Reached skill level 8 in Maces & Flails
  4983 | D:6      | Found a burning altar of Makhleb.
  4983 | D:6      | Found a hide-covered altar of Uskayaw.
  4983 | D:6      | Found a burning altar of Makhleb.
  5016 | D:6      | Found a snail-covered altar of Cheibriados.
  5070 | D:6      | Found Usec Nue's Assorted Antiques.
  5103 | D:6      | Bought a scroll of identify for 54 gold pieces
  5103 | D:6      | Bought a brightly glowing flail for 229 gold pieces
  5103 | D:6      | Identified the cursed +0 flail of Dicuoheu {pain, rElec
                  | Str-5 Int+8 Dex-2} (You bought it in a shop on level 6 of
                  | the Dungeon)
  5496 | D:7      | Found a staircase to the Ecumenical Temple.
  5528 | Temple   | Entered the Ecumenical Temple
  5704 | Temple   | Became a worshipper of Warmaster Okawaru
  5729 | Temple   | Gained mutation: You regenerate health from kills. [demonic
                  | ancestry]
  5729 | Temple   | Reached XP level 8. HP: 39/58 MP: 8/8
  5837 | Temple   | Reached skill level 9 in Maces & Flails
  6400 | D:7      | Noticed Duvessa
  6405 | D:7      | Noticed Dowan
  6481 | D:6      | Killed Duvessa
  6481 | D:6      | Reached skill level 10 in Maces & Flails
  6484 | D:6      | Killed Dowan
  6607 | D:7      | Noticed a hippogriff
  6618 | D:7      | Killed a hippogriff
  6618 | D:7      | Reached * piety under Okawaru
  7408 | D:7      | Reached XP level 9. HP: 31/63 MP: 9/9
  7657 | D:7      | Reached skill level 11 in Maces & Flails
  7959 | D:8      | Reached ** piety under Okawaru
  8112 | D:8      | Found a stormy altar of Qazlal.
  9472 | D:9      | Reached skill level 12 in Maces & Flails
  9584 | D:9      | You fall into a shaft and drop 2 floors!
  9600 | D:11     | Reached *** piety under Okawaru
  9618 | D:11     | Reached skill level 5 in Shields
  9666 | D:11     | Gained mutation: You are partially covered in molten
                  | scales. (AC +2) [demonic ancestry]
  9666 | D:11     | Reached XP level 10. HP: 20/70 MP: 10/10
  9933 | D:11     | Noticed a gargoyle
  9949 | D:11     | Killed a gargoyle
 10134 | D:11     | Noticed Snorg
 10157 | D:11     | Mangled by Snorg

Illustrated notes

Levels and vault maps discovered:
D:1:      scummos_arrival_star, layout_basic, minmay_strange_pillars
D:2:      kennysheep_the_goblin_king, layout_rooms, nemelex_diamond_rough_becter
D:3:      layout_basic, lemuel_round_altar
D:4:      layout_rooms
D:5:      layout_loops_ring
D:6:      layout_basic, basic_altar, serial_shops, nicolae_shop_crystal,
          hangedman_abyss_or_decor_slice, st_stairs_1, doesnt_xom_only_xom
D:7:      layout_loops_cross, minmay_temple_entry_sparse_star, uniq_duvessa
D:8:      layout_basic, lightli_ossuary_entry_decrepit_ruins, basic_altar
D:9:      layout_cave_pods, roderic_serpentine_path
D:11:     layout_long_grid, lair_entry_dummy, orc_0_dummy,
          gammafunk_ghost_spectres, uniq_snorg
Temple:   minmay_crystal_snake_temple

Skill      XL: |  1  2  3  4  5  6  7  8  9 |
---------------+----------------------------+-----
Maces & Flails | 2 3 4 5 7 8 10 12 | 12.0
Shields        | 6 |  6.8
Fighting       | |  3.0
Armour         | |  2.6

Action                   |  1- 3 |  4- 6 |  7- 9 | 10-12 || total
-------------------------+-------+-------+-------+-------++-------
Melee: Flail             |   101 |       |       |       ||   101
       Whip              |       |   227 |   503 |    39 ||   769
  Use: Scroll            |       |       |     8 |       ||     8
 Stab: Distracted        |       |       |     1 |       ||     1
Armor: Scale mail        |    60 |    52 |    74 |       ||   186
       Ring mail         |       |       |    66 |     8 ||    74
Dodge: Dodged            |    48 |    36 |    74 |     7 ||   165
Block: Kite shield       |    73 |     9 |       |       ||    82
       Tower shield      |       |   147 |   252 |    22 ||   421

Table legend: (Time is in decaauts)
 A = Elapsed time spent in this place.
 B = Non-inter-level travel time spent in this place.
 C = Inter-level travel time spent in this place.
 D = Time resting spent in this place.
 E = Time spent auto-exploring this place.
 F = Levels seen in this place.
 G = Mean time per level.
                   A        B        C        D        E       F      G
               +--------+--------+--------+--------+--------+-----+--------+
         Total |  10064 |   9293 |    771 |   2925 |   4469 |  11 |  914.9 |
       Dungeon |   9534 |   8791 |    743 |   2641 |   4316 |  10 |  953.4 |
        Temple |    529 |    501 |     28 |    284 |    153 |   1 |  529.0 |
               +--------+--------+--------+--------+--------+-----+--------+

Top non-repeatable levels by time:
     D:8: 1562 daAuts
     D:7: 1415 daAuts
     D:2: 1157 daAuts
     D:1: 1108 daAuts
     D:3: 919 daAuts
     D:6: 879 daAuts
     D:5: 842 daAuts
     D:4: 775 daAuts
    D:11: 535 daAuts
  Temple: 529 daAuts
     D:9: 338 daAuts
